 Dungeon Crawl Stone Soup version 0.17-a0-1769-g54adf96 (webtiles) character file.

9035 CuntPokingMan the Fighter (level 11, 0/81 HPs)
             Began as an Octopode Fighter on Sept 8, 2015.
             Was an Elder of Dithmenos.
             Slain by Rhandor's ghost (13 damage)
             ... on level 2 of the Orcish Mines.
             The game lasted 01:12:10 (12885 turns).

CuntPokingMan the Fighter (Octopode Fighter)       Turns: 12885, Time: 01:12:16

Health: 0/81       AC:  5    Str: 21    XL:     11   Next: 40%
Magic:  11/11      EV: 12    Int: 15    God:    Dithmenos [****..]
Gold:   402        SH: 17    Dex: 14    Spells: 0 memorised, 10 levels left

rFire  + . .     SeeInvis +     F - +8 rapier of Muibuh {freeze, +Blink rF+ Int+4}
rCold  + . .     Clarity  +     b - +5 shield
rNeg   . . .     SustAt   .     (helmet restricted)
rPois  .         Gourm    .     P - amulet of clarity
rElec  .         Spirit   .     J - ring of protection from cold
rCorr  .         Warding  .     l - +4 ring of protection
rMut   .         Stasis   .     T - ring of see invisible
MR     .....                    U - ring of flight
Stlth  +++++++...               (no ring)
                                (no ring)
                                (no ring)
                                (no ring)

@: mighty, wreathed by umbra, not resistant to hostile enchantments, extremely
stealthy
A: almost no armour, amphibious, 8 rings, constrict 8, beak, camouflage 1,
gelatinous body 1
a: Shadow Step, Renounce Religion, Evoke Blink, Evoke Flight


You were on level 2 of the Orcish Mines.
You worshipped Dithmenos.
Dithmenos was greatly pleased with you.
You were not hungry.

You visited 2 branches of the dungeon, and saw 12 of its levels.

You collected 642 gold pieces.
You spent 240 gold pieces at shops.

Inventory:

Hand weapons
 a - a +1 long sword
 g - a cursed +2 short sword
 B - a cursed +2 dagger
 D - a +3 falchion of holy wrath
 F - the +8 rapier of Muibuh (weapon) {freeze, +Blink rF+ Int+4}
   (You found it on level 6 of the Dungeon)

   It has been specially enchanted to freeze those struck by it, causing extra
   injury to most foes and up to half again as much damage against particularly
   susceptible opponents.
   It can also slow down cold-blooded creatures.
   It affects your intelligence (+4).
   It protects you from fire.
   It lets you blink.
 V - a +3 scimitar of flaming
Missiles
 t - 5 curare-tipped needles
 H - 3 needles of frenzy
 N - 3 silver tomahawks (quivered)
 S - 6 needles of slowing
Armour
 b - a +5 shield (worn)
Jewellery
 l - a +4 ring of protection (right tentacle)
 r - an uncursed amulet of rage
 J - a ring of protection from cold (left tentacle)
 P - an amulet of clarity (around mantle)
 T - a ring of see invisible (on tentacle)
 U - a ring of flight (on tentacle)
Magical devices
 c - a wand of heal wounds (1)
 e - a wand of magic darts (27)
 i - a wand of random effects (27)
 m - a wand of magic darts (29)
 v - a wand of draining (7)
 I - a wand of disintegration (14)
 M - a wand of slowing (15)
Scrolls
 h - a scroll of magic mapping
 o - 2 scrolls of teleportation
 s - a scroll of blinking
 y - 2 scrolls of fog
 E - 2 scrolls of amnesia
 G - 2 scrolls of remove curse
 R - a scroll of identify
Potions
 j - 3 potions of brilliance
 n - a potion of might
 q - 3 potions of flight
 x - 3 potions of agility
 A - a potion of heal wounds
 C - 3 potions of curing
 K - a potion of berserk rage
 L - a potion of ambrosia
 O - a potion of cancellation
Books
 k - a book of the Warp

   Spells                             Type                      Level
   a - Recall                         Summoning/Translocation      3
   b - Gell's Gravitas                Hexes/Translocation          3
   c - Force Lance                    Conjuration/Translocation    4
   d - Phase Shift                    Translocation                5
   e - Warp Weapon                    Charms/Translocation         5
   f - Summon Forest                  Summoning/Translocation      5
 Q - a book of Beasts

   Spells                             Type                      Level
   a - Summon Butterflies             Summoning                    1
   b - Call Canine Familiar           Summoning                    3
   c - Summon Ice Beast               Ice/Summoning                4
   d - Summon Mana Viper              Hexes/Summoning              5
   e - Summon Hydra                   Summoning                    7
Comestibles
 d - 3 bread rations
 f - 3 beef jerkies
 p - 20 fruits
 u - 6 meat rations
 w - a slice of pizza
 z - 2 royal jellies
 W - 3 chunks of flesh


   Skills:
 - Level 10.2 Fighting
 * Level 5.6(7.9) Short Blades
 - Level 8.6(9.4) Long Blades
 - Level 3.0 Dodging
 - Level 6.0 Stealth
 - Level 10.0 Shields


You had 10 spell levels left.
You didn't know any spells.

Dungeon Overview and Level Annotations

Branches:
Dungeon (10/15)            Temple (0/1) D:6             Orc (2/4) D:10
   Lair: D:8-11

Altars:
Dithmenos
Fedhas
Kikubaaqudgha
Nemelex Xobeh
Sif Muna
Xom
Yredelemnul
Zin
The Shining One

Shops:
D:5 *   D:6 !!=(

Annotations:
D:10 exclusion: ice statue
Orc:2 Rhandor's ghost, powerful OgAs


Innate Abilities, Weirdness & Mutations

You cannot wear most types of armour.
You are amphibious.
You can wear up to eight rings at the same time.
You can use your tentacles to constrict eight enemies at once.
Your skin changes colour to match your surroundings (Stealth).
Your rubbery body absorbs attacks (AC +1).
You have a beak for a mouth.


Message History

Level annotation: Rhandor's ghost, powerful OgAs Rhandor's ghost hits you!!
You block Rhandor's ghost's attack.
The orc shouts!
There is a stone staircase leading up, spattered with blood here.
You hear a shout! x2
Rhandor's ghost hits you.
You miss Rhandor's ghost. Your squeeze misses Rhandor's ghost.
You block Rhandor's ghost's attack.
You puncture Rhandor's ghost! You freeze Rhandor's ghost.
You peck Rhandor's ghost, but do no damage.
You squeeze Rhandor's ghost.
Rhandor's ghost is lightly damaged.
The orc completely misses you.
You impale Rhandor's ghost!! You freeze Rhandor's ghost!
Rhandor's ghost is moderately damaged.
The orc priest casts a cantrip, but nothing happens.
Rhandor's ghost hits you!!!
* * * LOW HITPOINT WARNING * * *
You emit a cloud of dark smoke.
You die...

#. ## ##......#####
#.##.##...#...#.#.##
.....$#............#
#...............#.#
..................##
$..................#
....o$o.....W.§...##
#....o....>o@.....#
o.#.#....$..§§§...##
.................#
..#...$..........##
#..............#
#...............#
##o..............#
..........$.#..##
#..#............


You could see an orc priest, Rhandor's ghost and 2 orcs.

Vanquished Creatures
  Erica (Orc:1)
  A centaur zombie (D:10)
  2 trolls (D:10)
  Prince Ribbit (D:6)
  2 two-headed ogres
  Sigmund (D:2)
  A wyvern (D:9)
  A hungry ghost (D:8)
  3 yaks (D:10)
  Eustachio (D:5)
  A deep elf mage (D:9)
  2 hippogriffs
  An ice beast (D:8)
  A water moccasin (D:8)
  A black bear (D:10)
  3 phantoms
  4 sky beasts
  4 orc warriors
  An eye of draining (D:10)
  4 necrophages
  6 ogres
  Blork the orc (D:6)
  8 giant frogs
  5 scorpions
  9 wights
  2 electric eels (D:8)
  5 crimson imps
  8 hounds
  A gnoll shaman (D:5)
  4 giant frog skeletons
  17 orc wizards
  Ijyb (D:3)
  3 jellies
  An iron imp (D:5)
  8 worker ants
  9 orc priests
  Terence (D:2)
  Natasha (thrice) (D:2)
  4 iguanas
  A hound zombie (D:8)
  2 worker ant zombies
  5 gnolls (D:5)
  8 adders
  3 shadow imps
  2 oozes
  2 worms (D:2)
  An adder skeleton (D:4)
  2 adder zombies
  5 giant geckos
  56 orcs
  2 ball pythons (D:3)
  6 giant cockroaches
  2 gnoll zombies (D:9)
  6 goblins
  5 hobgoblins
  10 kobolds
  4 quokkas
  7 bats
  A giant cockroach zombie (D:5)
  2 giant gecko skeletons
  A giant gecko zombie (D:5)
  5 giant newts
  A goblin skeleton (D:5)
  3 hobgoblin zombies (D:5)
  7 jackals
  A jackal skeleton (D:3)
  2 kobold skeletons (D:5)
  A kobold zombie (D:5)
  An orc zombie (D:5)
  2 quokka zombies
  7 rats
295 creatures vanquished.

Vanquished Creatures (others)
  A jackal (D:8)
1 creature vanquished.

Grand Total: 296 creatures vanquished

Notes
Turn   | Place    | Note
--------------------------------------------------------------
     0 | D:1      | CuntPokingMan the Octopode Fighter began the quest for the Orb.
     0 | D:1      | Reached XP level 1. HP: 16/16 MP: 1/1
    94 | D:1      | Reached XP level 2. HP: 21/21 MP: 2/2
   393 | D:1      | Reached skill level 1 in Stealth
   999 | D:1      | Reached XP level 3. HP: 24/26 MP: 3/3
  1253 | D:2      | Noticed Sigmund
  1265 | D:2      | Killed Sigmund
  1265 | D:2      | Reached skill level 4 in Fighting
  1265 | D:2      | Reached XP level 4. HP: 7/33 MP: 4/4
  1265 | D:2      | Reached XP level 5. HP: 7/37 MP: 5/5
  1620 | D:2      | Noticed Natasha
  1633 | D:2      | Killed Natasha
  1677 | D:2      | Noticed Natasha
  1682 | D:2      | Reached XP level 6. HP: 22/44 MP: 6/6
  1739 | D:2      | Killed Natasha
  1810 | D:2      | Noticed Terence
  1817 | D:2      | Killed Terence
  1975 | D:2      | Noticed Natasha
  1982 | D:2      | Killed Natasha
  1990 | D:2      | Found a blossoming altar of Fedhas.
  1991 | D:2      | Found an ancient bone altar of Kikubaaqudgha.
  2311 | D:3      | Noticed Ijyb
  2319 | D:3      | Killed Ijyb
  2478 | D:3      | Reached skill level 5 in Stealth
  2544 | D:3      | Found a deep blue altar of Sif Muna.
  3065 | D:3      | Gained mutation: You have a beak for a mouth. [potion of beneficial mutation]
  3301 | D:4      | Reached XP level 7. HP: 45/49 MP: 7/7
  3435 | D:4      | Found a blossoming altar of Fedhas.
  3723 | D:4      | Found a shadowy altar of Dithmenos.
  3730 | D:4      | Became a worshipper of Dithmenos the Shadowed
  3784 | D:5      | Entered Level 5 of the Dungeon
  3823 | D:5      | Found a glowing golden altar of the Shining One.
  3956 | D:5      | Reached skill level 5 in Long Blades
  4128 | D:5      | Reached skill level 5 in Fighting
  4583 | D:5      | Noticed Eustachio
  4591 | D:5      | Reached XP level 8. HP: 34/55 MP: 8/8
  4599 | D:5      | Reached skill level 6 in Long Blades
  4783 | D:5      | Found Zin's Purification Station.
  4788 | D:5      | Found a glowing silver altar of Zin.
  5587 | D:5      | Killed Eustachio
  5958 | D:6      | Reached skill level 7 in Long Blades
  5958 | D:6      | Reached skill level 5 in Shields
  5986 | D:6      | Noticed Prince Ribbit
  5994 | D:6      | Killed Prince Ribbit
  5994 | D:6      | Reached XP level 9. HP: 63/63 MP: 9/9
  6052 | D:6      | Noticed Blork the orc
  6065 | D:6      | Killed Blork the orc
  6343 | D:6      | Found Xiam's Distillery.
  6346 | D:6      | Bought a potion of might for 48 gold pieces
  6346 | D:6      | Bought a potion of heal wounds for 60 gold pieces
  6346 | D:6      | Bought a potion of heal wounds for 60 gold pieces
  6346 | D:6      | Bought a potion of curing for 36 gold pieces
  6346 | D:6      | Bought a potion of curing for 36 gold pieces
  6402 | D:6      | Found Jytiteo's Distillery.
  6570 | D:6      | Got an ancient rapier
  6571 | D:6      | Identified the +8 rapier of Muibuh {freeze, +Blink rF+ Int+4} (You found it on level 6 of the Dungeon)
  6675 | D:6      | Found a staircase to the Ecumenical Temple.
  6777 | D:6      | Found Xaehuh's Weapon Emporium.
  6917 | D:6      | Acquired Dithmenos's first power
  6917 | D:6      | Reached skill level 8 in Long Blades
  7102 | D:6      | Found Weveulal's Jewellery Boutique.
  7579 | D:7      | Reached skill level 1 in Short Blades
  7954 | D:7      | Found a shimmering altar of Xom.
  7954 | D:7      | Found a sparkling altar of Nemelex Xobeh.
  8112 | D:7      | Reached XP level 10. HP: 64/71 MP: 10/10
  8895 | D:8      | Acquired Dithmenos's second power
  9991 | D:8      | Found a blossoming altar of Fedhas.
 10034 | D:8      | Reached skill level 9 in Fighting
 10243 | D:9      | Found a basalt altar of Yredelemnul.
 10371 | D:9      | Acquired Dithmenos's third power
 11617 | D:10     | Entered Level 10 of the Dungeon
 11772 | D:10     | Reached XP level 11. HP: 79/81 MP: 11/11
 11981 | D:10     | Noticed an ice statue
 12121 | D:10     | Reached skill level 10 in Fighting
 12177 | D:10     | Found a staircase to the Orcish Mines.
 12654 | D:10     | Reached skill level 10 in Shields
 12765 | Orc:1    | Entered Level 1 of the Orcish Mines
 12771 | Orc:1    | Noticed Erica
 12779 | Orc:1    | Killed Erica
 12779 | Orc:1    | Reached skill level 5 in Short Blades
 12867 | Orc:2    | Noticed Rhandor's ghost (powerful OgAs)
 12885 | Orc:2    | Slain by Rhandor's ghost

Vault maps used:
D:1:      grunt_arrival_crossed_arrows, serial_co_window_serial,
          co_window_of_opportunity_a, co_window_paths_a, co_window_cross_1,
          co_window_paths_b, co_window_corner_a, co_window_unsneaky_path_c,
          co_window_of_opportunity_b, co_window_2corner,
          co_window_of_opportunity_b, co_window_broadway_b, co_window_corner_cb,
          co_window_corner_b, glass_columns_a, glass_columns_b, minivault_24
D:2:      grunt_temple_overflow_growth_and_decay, first_bread, minmay_vboxes,
          uniq_terence, uniq_sigmund, uniq_natasha, uniq_crazy_yiuf_cottage
D:3:      grunt_decor_arrowhead, lemuel_blue_sif_altar, uniq_iyjb
D:4:      lemuel_round_altar, fedhas_altar_4
D:5:      zin_purify, nicolae_tso_besieged_by_evil, uniq_eustachio
D:6:      temple_statues, serial_shops, kennysheep_little_box,
          kennysheep_mini_moat, kennysheep_mini, shop, lightli_orcish_oven,
          uniq_prince_ribbit1, uniq_blork_the_orc
D:7:      gammafunk_temple_overflow_pools
D:8:      kennysheep_diamond, hangedman_tree_tricks
D:9:      lemuel_zombie_altar_yredelemnul
D:10:     hiddenorc2_lemuel, minivault_15
Orc:1:    mines1_david, uniq_erica
Orc:2:    uniq_harold

Action                   |  1- 3 |  4- 6 |  7- 9 | 10-12 || total
-------------------------+-------+-------+-------+-------++-------
Melee: Long sword        |    37 |    83 |   189 |       ||   309
       Rapier            |       |       |    92 |   271 ||   363
  Use: Scroll            |     6 |     9 |     6 |     6 ||    27
       Potion            |     2 |     3 |     4 |     3 ||    12
 Stab: Sleeping          |     4 |     8 |    19 |    21 ||    52
       Distracted        |       |       |     2 |     2 ||     4
  Eat: Chunk             |     1 |     6 |     5 |     5 ||    17
       Bread ration      |       |       |     3 |     2 ||     5
